 Dungeon Crawl Stone Soup version 0.24.1-5-g77f818bfca (webtiles) character file.

Game seed: 12151218909144102603, levelgen mode: deterministic

238 Atelerd the Sneak (level 6, 0/39 HPs)
             Began as an Octopode Wizard on Apr 23, 2020.
             Succumbed to Crazy Yiuf's poison
             ... on level 2 of the Dungeon.
             The game lasted 00:04:07 (3023 turns).

Atelerd the Sneak (Octopode Wizard)                 Turns: 3023, Time: 00:04:07

Health: 0/39       AC:  1    Str:  6    XL:     6   Next: 7%
Magic:  4/11       EV: 13    Int: 23    God:
Gold:   57         SH:  0    Dex: 10    Spells: 6/12 levels left

rFire    . . .     SeeInvis .   b - +1 dagger
rCold    . . .     Gourm    .   (no shield)
rNeg     . . .     Faith    .   a - +0 hat
rPois    .         Spirit   .   (no amulet)
rElec    .         Reflect  .   (no ring)
rCorr    .         Harm     .   (no ring)
MR       .....                  (no ring)
Stlth    +++.......             (no ring)
HPRegen  0.13/turn              (no ring)
MPRegen  0.12/turn              (no ring)
                                (no ring)
                                (no ring)

@: lethally poisoned (0 -> -10)
A: almost no armour, stealthy swim, amphibious, 8 rings, constrict 8, camouflage
1, gelatinous body 1
a: no special abilities


You were on level 2 of the Dungeon.
You were hungry.

You visited 1 branch of the dungeon, and saw 2 of its levels.

You collected 57 gold pieces.

Inventory:

Hand Weapons
 b - a +1 dagger (weapon)
Armour
 a - a +0 hat (worn)
 f - a +0 buckler
Scrolls
 d - a scroll of fog {unknown}
 e - a scroll of enchant weapon
 g - 2 scrolls of identify {unknown}
Comestibles
 c - 4 rations
 h - a chunk of flesh


   Skills:
 + Level 1.8 Fighting
 + Level 3.0 Dodging
 + Level 4.1 Stealth
 - Level 1.0 Shields
 + Level 3.6 Spellcasting
 * Level 3.3 Conjurations
   Level 1.0 Summonings
 - Level 1.0 Translocations


You had 6 spell levels left.
You knew the following spells:

 Your Spells              Type           Power        Failure   Level  Hunger
a - Magic Dart            Conj           ###.         2%          1    None
b - Mephitic Cloud        Conj/Pois/Air  #.......     21%         3    ###....
c - Blink                 Tloc           N/A          11%         2    #......

Your spell library contained the following spells:

 Spells                   Type           Power        Failure   Level  Hunger
 Call Imp                 Summ           #.......     11%         2    #......
 Slow                     Hex            #.......     16%         2    #......
 Conjure Flame            Conj/Fire      ##......     17%         3    ###....


Dungeon Overview and Level Annotations

Branches:
Dungeon (2/15)

Altars:

Annotations:
D:2 Crazy Yiuf


Innate Abilities, Weirdness & Mutations

You cannot wear most types of armour.
You are very stealthy in the water. (Stealth+)
You are amphibious.
You can wear up to eight rings at the same time.
You can use your tentacles to constrict eight enemies at once.
Your skin changes colour to match your surroundings (Stealth+).
Your rubbery body absorbs attacks. (AC +1, EV +1)


Message History

* * * LOW HITPOINT WARNING * * *
You feel sick.
You aren't carrying any potions.
You aren't carrying any potions.
Eat a chunk of flesh? (ye/n/q)
Okay, then.
Eat a chunk of flesh? (ye/n/q)
Okay, then.
As you read the scroll labeled NAENLIG ASIMU, it crumbles to dust.
It is a scroll of enchant weapon.
Your +0 dagger glows red for a moment.
* * * LOW HITPOINT WARNING * * *
You feel sick.
Crazy Yiuf says, "I feel rather peculiar."
* * * LOW HITPOINT WARNING * * *
You feel sick.
You hit the bush but do no damage.
* * * LOW HITPOINT WARNING * * *
You feel sick.
You die...

##### ♣♣#### #)..#♣♣
♣♣....## #...'.♣♣♣♣@P....#
#...#♣..♣.P.....###########
#####♣♣♣.♣.................
♣♣♣♣♣###############


There were no monsters in sight!

Vanquished Creatures
  Sigmund (D:2)
  4 adders (D:2)
  An ooze (D:1)
  2 worms (D:2)
  2 leopard geckos
  4 bats (D:1)
  3 giant cockroaches
  3 goblins
  2 hobgoblins
  A quokka (D:2)
  4 frilled lizards
  6 kobolds
33 creatures vanquished.

Vanquished Creatures (others)
  A fungus (D:2)
1 creature vanquished.

Grand Total: 34 creatures vanquished

Notes
Turn   | Place    | Note
-------+----------+-------------------------------------------
     0 | D:1      | Atelerd the Octopode Wizard began the quest for the Orb.
     0 | D:1      | Reached XP level 1. HP: 11/11 MP: 4/4
   194 | D:1      | Reached XP level 2. HP: 15/17 MP: 0/6
  1150 | D:1      | Reached skill level 3 in Stealth
  1551 | D:2      | Reached XP level 3. HP: 16/22 MP: 1/7
  1556 | D:2      | Learned a level 3 spell: Mephitic Cloud
  1559 | D:2      | Learned a level 2 spell: Blink
  2317 | D:2      | Reached XP level 4. HP: 27/27 MP: 3/8
  2433 | D:2      | Reached skill level 1 in Shields
  2462 | D:2      | Reached skill level 1 in Fighting
  2498 | D:2      | Noticed Sigmund
  2618 | D:2      | Killed Sigmund
  2618 | D:2      | Reached skill level 4 in Stealth
  2618 | D:2      | Reached XP level 5. HP: 18/34 MP: 6/10
  2618 | D:2      | Reached XP level 6. HP: 21/39 MP: 6/11
  3001 | D:2      | Found a runed translucent door.
  3002 | D:2      | Noticed Crazy Yiuf
  3022 | D:2      | HP: 1/39 [poisoned by Crazy Yiuf]
  3023 | D:2      | Succumbed to Crazy Yiuf's poison

Levels and vault maps discovered:
D:1:      dpeg_arrival_court, layout_basic
D:2:      layout_basic, first_ration, uniq_sigmund, uniq_crazy_yiuf_cottage

Skill      XL: |  1  2  3  4 |
---------------+-------------+-----
Stealth        | 3 4 |  4.1
Conjurations   | 2 3 |  3.3
Shields        | 1 |  1.0
Fighting       | 1 |  1.8
Dodging        | 3 |  3.0
Spellcasting   | |  3.6
Summonings     | |  1.0
Translocations | |  1.0

Action                   |  1- 3 |  4- 6 || total
-------------------------+-------+-------++-------
Melee: Unarmed           |     9 |       ||     9
       Constrict         |     4 |     5 ||     9
       Tentacles         |     2 |     1 ||     3
       Dagger            |    22 |    19 ||    41
 Cast: Magic Dart        |    55 |    22 ||    77
       Mephitic Cloud    |     1 |     4 ||     5
  Use: Potion            |     1 |     2 ||     3
       Scroll            |       |     1 ||     1
 Stab: Confused          |     1 |     2 ||     3
  Eat: Chunk             |     4 |     2 ||     6
Armor: Skin              |     3 |       ||     3
Dodge: Dodged            |    28 |     9 ||    37
